Cogmind - Beta 14 @@@ ROGUE MODE // 2024.10.17 @ 08:05:38 Player: XDRM Result: Destroyed by G-34 Mercenary with Small Laser Performance ------------- Evolutions (0) 0 Regions Visited (1) 200 Robots Destroyed (9) 45 Value Destroyed (221) 221 Prototype IDs (0) 0 Alien Tech Used (0) 0 Bonus (0) 0 TOTAL SCORE: 466 Bonus ------- None Cogmind --------- Core Integrity 0/250 Matter 0/300 Energy 85/100 System Corruption 0% Temperature Cool (6) Movement Treading (240) Ox1 Location -10/Materials Parts ------- > --- POWER (1) -------- (None) > --- PROPULSION (2) --- Light Treads Light Treads > --- UTILITY (2) ------ High-capacity Storage Unit > --- WEAPON (2) ------- Hammer > --- INVENTORY (20) --- Light Ion Engine Light Treads Assault Rifle Grenade Launcher Hammer Peak State ------------ > --- POWER ------------ Light Ion Engine > --- PROPULSION ------- Light Treads Light Treads > --- UTILITY ---------- Small Storage Unit High-capacity Storage Unit > --- WEAPON ----------- Assault Rifle Grenade Launcher > --- INVENTORY -------- Light Ion Engine Light Treads Light Treads Light Assault Rifle [Rating: 7] Favorites ----------- Power Light Ion Engine Engine Light Ion Engine Propulsion Light Treads Treads Light Treads Utility High-capacity Storage Unit Storage High-capacity Storage Unit Weapon Assault Rifle Ballistic Gun Assault Rifle Launcher Grenade Launcher Impact Weapon Hammer Build | -11 -10 ------- Run | Yrd Mat Slots Evolved . | . . Power . | . . Propulsion . | . . Utility . | . . Weapon . | . . Parts Attached 11 | 6 5 Power 1 | 1 . Engine 1 | 1 . Core . | . . Reactor . | . . Propulsion 3 | 2 1 Treads 3 | 2 1 Leg . | . . Wheel . | . . Hover . | . . Flight . | . . Utility 2 | 1 1 Device . | . . Storage 2 | 1 1 Processor . | . . Hackware . | . . Protection . | . . Artifact . | . . Weapon 5 | 2 3 Energy Gun . | . . Energy Cannon . | . . Ballistic Gun 3 | 2 1 Ballistic Cannon . | . . Launcher 1 | . 1 Special Weapon . | . . Impact Weapon 1 | . 1 Slashing Weapon . | . . Piercing Weapon . | . . Special Melee Weapon . | . . Unidentified Prototypes . | . . Parts Lost 3 | . 3 Power 1 | . 1 Propulsion 1 | . 1 Utility . | . . Weapon 1 | . 1 Highest Loss Streak 3 | . 3 To Critical Strikes . | . . Average Slot Usage (%) 84 | . 84 Engine 13 | . 13 Treads 27 | . 27 Storage 14 | . 14 Ballistic Gun 22 | . 22 Launcher 4 | . 4 Peak Build Rating 7 | 6 7 Average Rating 5 | 3 5 On Entrance 3 | . 6 Naked Turns . | . . Heaviest Build 53 | 11 53 Greatest Support 40 | 40 40 Greatest Overweight (x) 2 | . 2 Average Overweight (x) . | . . Largest Inventory Capacity 20 | 8 20 Average Capacity 15 | 6 17 Most Carried 6 | 1 6 Average Carried 3 | . 4 Final Capacity 20 | 8 20 Final Carried 5 | 1 5 Class Distribution -------------------- 100% | Mutant Dominant Class ---------------- Mutant | -10/Materials Resources | -11 -10 ----------- Run | Yrd Mat Matter Collected 183 | 183 . Remotely . | . . Salvage Created 181 | . 181 Parts 15 | . 15 Haulers Intercepted 1 | . 1 Recyclers Shooed . | . . Parts Field Recycled . | . . Retrieved Matter . | . . Parts Self-Destructed . | . . Prevented . | . . Kills | -11 -10 ------- Run | Yrd Mat Combat Hostiles Destroyed 4 | . 4 Guns 2 | . 2 AOE 2 | . 2 Classes Destroyed 5 | . 5 Worker 1 | . 1 Builder 2 | . 2 Hauler 1 | . 1 Watcher 1 | . 1 Grunt 4 | . 4 Best Kill Streak 6 | . 6 Combat Bots Only 3 | . 3 Max Kills in Single Turn 3 | . 3 Gunslinging . | . . Exploded 1 | . 1 Melee . | . . Uniques/NPCs Destroyed . | . . Combat | -11 -10 -------- Run | Yrd Mat Hostile Shots Fired 67 | . 67 Missed 16 | . 16 Damage Taken 737 | . 737 Core 255 | . 255 Absorbed by Shields . | . . Core Remaining (%) 100 | 100 . Volleys Fired 25 | . 25 Largest 2 | . 2 Hottest 50 | . 50 Shots Fired 46 | . 46 Gun 35 | . 35 Cannon . | . . Launcher 11 | . 11 Special . | . . Kinetic 35 | . 35 Thermal . | . . Explosive 11 | . 11 Electromagnetic . | . . Robot Hit Streak 9 | . 9 Robot Miss Streak 3 | . 3 Penetration Max . | . . Secondary Targets 1 | . 1 Max Gunslinging Chain 1 | . 1 Shots Hit Robots 26 | . 26 Core Hits 18 | . 18 Critical Kills . | . . Critical Parts Destroyed . | . . Critical Strikes . | . . Melee Attacks 4 | . 4 Impact 4 | . 4 Slashing . | . . Piercing . | . . Sneak Attacks . | . . Combat Hostiles . | . . Follow-up Attacks . | . . Damage Inflicted 803 | . 803 Guns 229 | . 229 Cannons . | . . Explosions 518 | . 518 Melee 51 | . 51 Ramming 5 | . 5 Kinetic 229 | . 229 Thermal 127 | . 127 Explosive 391 | . 391 Electromagnetic . | . . Impact 51 | . 51 Slashing . | . . Piercing . | . . Highest Corruption . | . . Average Corruption . | . . Corruption Purged . | . . Corruption Blocked . | . . Overload Shots . | . . Overflow Damage 27 | . 27 Projectiles . | . . Explosions 27 | . 27 Melee . | . . Knockbacks . | . . Impact . | . . Kinetic . | . . Secondary . | . . Self-Inflicted Damage 73 | . 73 Shots 1 | . 1 Rammed 2 | . 2 Targets Rammed 2 | . 2 Kicked . | . . Crushed . | . . Highest Temperature 34 | . 34 Average Temperature 12 | . 12 Received Heat Transfer 384 | . 384 Siege Activations . | . . Robots Corrupted . | . . Combat Hostiles . | . . Parts Fried . | . . Impact Corruptions . | . . Robots Melted . | . . Combat Hostiles . | . . Parts Melted . | . . Heat Transferred 100 | . 100 Parts Sabotaged . | . . Parts Stolen . | . . Parts Stripped . | . . Power Chain Reactions . | . . Alert | -11 -10 ------- Run | Yrd Mat Peak Influence 139 | . 139 Initial . | . . Average 62 | . 71 Maximum Alert Level . | . . Low Security (%) 100 | 100 100 Level 1 . | . . Level 2 . | . . Level 3 . | . . Level 4 . | . . Level 5 . | . . High Security . | . . Max Security . | . . Squads Dispatched . | . . Investigation . | . . Extermination . | . . Reinforcement . | . . Assault . | . . Garrison . | . . Intercept . | . . Searches Triggered . | . . Construction Impeded . | . . Haulers Reinforced . | . . Active Scanning Responses . | . . Cargo Convoy Interrupts . | . . Stealth | -11 -10 --------- Run | Yrd Mat Distress Signals 2 | . 2 Communications Jammed . | . . Distress Signals . | . . Times Spotted 13 | . 13 Peak Tracking Total 6 | . 6 Tactical Retreats . | . . Traps | -11 -10 ------- Run | Yrd Mat Traps Triggered . | . . Indirectly . | . . Trap Hack Attempts . | . . Triggered . | . . Disarmed . | . . Reprogrammed . | . . Reused . | . . Traps Extracted . | . . Installed . | . . Triggered . | . . Machines | -11 -10 ---------- Run | Yrd Mat Machines Disabled 3 | . 3 Max in Single Turn 2 | . 2 Machines Repaired . | . . Machines Dismantled . | . . Machines Sabotaged . | . . Overloaded Fab Kills . | . . Hacking | -11 -10 --------- Run | Yrd Mat Machines Accessed 3 | . 3 Terminals 3 | . 3 Fabricators . | . . Repair Stations . | . . Recycling Units . | . . Scanalyzers . | . . Garrison Access . | . . Total Hacks 6 | . 6 Successful 2 | . 2 Failed 4 | . 4 Catastrophic 2 | . 2 Database Lockouts . | . . Manual 6 | . 6 Terminals 6 | . 6 Fabricators . | . . Repair Stations . | . . Recycling Units . | . . Scanalyzers . | . . Garrison Access . | . . Terminal Hacks 2 | . 2 Unreport Threat 1 | . 1 Investigation Status 1 | . 1 Fabricator Hacks . | . . Repair Station Hacks . | . . Recycling Unit Hacks . | . . Scanalyzer . | . . Garrison Access Hacks . | . . Unauthorized Hacks . | . . Terminals . | . . Fabricators . | . . Repair Stations . | . . Recycling Units . | . . Scanalyzers . | . . Garrison Access . | . . Data Cores Recovered . | . . Used . | . . Hacking Detections 3 | . 3 Full Trace Events 2 | . 2 Feedback Events . | . . Feedback Blocked . | . . Robot Schematics Acquired . | . . Robots Built . | . . Authchips . | . . Time . | . . Total Robot Build Rating . | . . Part Schematics Acquired . | . . Parts Built . | . . Authchips . | . . Time . | . . Total Part Build Rating . | . . Parts Repaired . | . . Time . | . . Parts Recycled . | . . Recycled Matter . | . . Retrieved Matter . | . . Retrieved Components . | . . Parts Scanalyzed . | . . Part Schematics Acquired . | . . Parts Damaged . | . . Bothacking | -11 -10 ------------ Run | Yrd Mat Used RIF Installer . | . . Robots Hacked . | . . Non-combat . | . . Combat . | . . Robot Hacks Applied . | . . Relay Couplers Released . | . . Fabnet Peak Effective % . | . . Robots Rewired . | . . Allies Hacked . | . . Hacks Repelled . | . . Allies | -11 -10 -------- Run | Yrd Mat Total Allies . | . . Largest Group . | . . Highest-Rated Group . | . . Highest-Rated Ally . | . . Total Orders . | . . Ally Attacks . | . . Total Damage . | . . Kills . | . . Allies Corrupted . | . . Allies Melted . | . . Intel | -11 -10 ------- Run | Yrd Mat Robot Analysis Total . | . . Derelict Logs Recovered . | . . Drone Launches . | . . Drone Recoveries . | . . Exploration | -11 -10 ------------- Run | Yrd Mat Turns Passed 519 | 71 448 Spaces Moved 203 | 41 162 Core 3 | 3 . Treads 200 | 38 162 Legs . | . . Wheels . | . . Hover . | . . Flight . | . . Fastest Speed 50 | 50 160 Average Speed 202 | 151 215 Slowest Speed 320 | 160 320 Overloaded Moves . | . . Propulsion Burnouts . | . . Robots Hopped . | . . Cave-ins Triggered . | . . Exploration Rate (%) 25 | 5 45 Regions Visited 1 Branch Regions . Pre-discovered Areas . | . . Known Exits Taken . | . . Unknown Exits Taken 1 | 1 . Scrap Searched . | . . Spaces Dug . | . . Terrain Destroyed 67 | . 67 Melee . | . . Projectile . | . . AOE 67 | . 67 Terrain Rammed . | . . Walls Destroyed . | . . Machines Disabled . | . . Actions | -11 -10 --------- Run | Yrd Mat Total 251 | 47 204 Wait . | . . Move 202 | 40 162 Hop . | . . Pick Up 6 | 1 5 Fast Attach 7 | 6 1 Attach 1 | . 1 Detach . | . . Swap 3 | . 3 Drop 1 | . 1 Fire 25 | . 25 Melee 4 | . 4 Ram . | . . Kick . | . . Crush 2 | . 2 Escape Stasis . | . . Rewire . | . . Trap . | . . Miscellaneous . | . . Route ------- -11/Scrapyard -10/Materials (discovered 2 exits: [*Mat] / [*Min]) History --------- Turn | Location | Event 2 | -11/Scrapyard | Discovered new exit (range 16) 72 | -11/Scrapyard | Entered Materials 259 | -10/Materials | Core integrity fell below 50% 304 | -10/Materials | Build established: Mutant 369 | -10/Materials | Discovered new exit (range 11) 513 | -10/Materials | Discovered new exit (range 14) 515 | -10/Materials | Core integrity fell below 20% 520 | -10/Materials | Destroyed by G-34 Mercenary with Small Laser Last Messages --------------- 00369_ EXIT=FOUND 00372_ U-05 Engineer builds a Wall. 00400_ The unstable cave ceiling collapses. 00404_ K-01 Serf collects debris. 00435_ R-06 Scavenger collects Sensor Array. 00440_ The unstable cave ceiling collapses. 00441_ K-01 Serf collects debris. 00443_ U-05 Engineer lays Concrete. 00443_ R-06 Scavenger collects Terrain Scanner. 00444_ K-01 Serf collects debris. 00444_ U-05 Engineer lays Concrete. 00448_ U-05 Engineer builds a Wall. 00453_ U-05 Engineer lays Concrete. 00493_ Lgt. Treads destroyed. 00494_ Slammed into G-34 Mercenary. 00513_ EXIT=FOUND 00514_ Lgt. Assault Rifle destroyed. 00514_ K-01 Serf cleans the Material Processor. 00516_ Lgt. Ion Engine destroyed. 00519_ K-01 Serf cleans the Material Processor. Map ----- +----------------------------------------------------+ | ?????????????????????????????????????????????????? | | ?????????????????????????????????????????????????? | | ?????????????????????????????????????????????????? | | ?????????????????????????????????????????????????? | | ?????????????????????????????????????????????????? | | ?????????????????????????????????????????????????? | | ?????????????????????????????????????????????????? | | ?????????????????????????????????????????????????? | | ?????????????????????????????????????????????????? | | ?????????????????????????????????????????????????? | | ?????????????????????????????????????????????????? | | ?????????????????????????????????????????????????? | | ?????????????????????###+##??????????????????????? | | ?????????????????????# ??????????????????????? | | ?????????????????????# ??????????????????????? | | ?????????????????????? ??????????????????????? | | ?????????????????????? ! ??????????????????????? | | ?????????????????????? g ??????????????????????? | | ??????????????????????# a#??????????????????????? | | ??????????????????????# #???#######????????????? | | ??????????????????????# #?? ?????????????? | | ????????????????# ????# #? ???????????????? | | ??????????? "##+####k #T ?????????????????? | | ?????????? g g#" ???????????????????? | | ?????????? < g ; ?????????????????????? | | ????????? g r@#??????????????????????? | | ????????????????#+###### #??????????????????????? | | ???????????????????????# #??????????????????????? | | ???????????????????????# #??????????????????????? | | ???????????????????????# #??????????????????????? | | ???????????????????????#k#??????????????????????? | | ???????????????????????#/#########??????????????? | | #??????????????????????# #??????????????? | | #?????????############## """ #??????????????? | | #?????????# # """"" #??????????????? | | #?????????# # k""""" #??????????????? | | #?????????# # """"" #??????????????? | | #?????????# # """ #??????????????? | | !##????##??# # #??????????????? | | [######T#############+### #??????????????? | | ! #####/#####??????????????? | | #?????????????????? | | % #?????????????????? | | // #?????????????????? | | "#### # ##### / ##?????????????????? | | "### # ## # / "#?????????????????? | | "# T T#?????????????????? | | ## # "#?????????????????? | | ## ! ##?????????????????? | | + ! #??????????????????? | +----------------------------------------------------+ Best States ------------- Heat Dissipation 25 Energy Generation 10 Energy Capacity 125 Matter Stores 223 Matter Capacity 300 Sight Range 16 Terrain Scan Density 10 Evasion (%) 40 Recoil Reduction 2 Item Schematics ----------------- None Robot Schematics ------------------ None Fabricated ------------ Nothing Alien Tech Used ----------------- None Achievements -------------- None Challenges ------------ None Game ------ Seed InertialLightAutohacker Manual? 0 Play Time 00:07:43 Cumulative 37.4 hours Start 2024.10.17 @ 07:59:35 End 2024.10.17 @ 08:05:38 Sessions 1 Manual Loads 0 Difficulty Rogue Special Mode None Game No. 28 Rogue 28 Adventurer 0 Explorer 0 Win Type - Total 0 Types 0/0/0/0/0/0/0/0/0 Lore% 15 Gallery% 28 Achievement% 28 Wizard Run 0 Options --------- Layout 1 ASCII 0 Keyboard 0 Movement Mouse Keybinds 0 Fullscreen 2 Font 24/X11 Map View 50x35 Zoom Use 0% Tactical HUD 1 Map Filters NONE Filters NONE Steam 1 RUN: 20cddf2a-120d-4526-8966-a31feb58c48a